 Dungeon Crawl Stone Soup version 0.31-a0-182-gc5ef74bbde (webtiles) character file.

Game seed: 13697772872832661289

280 ragingrage the Chopper (level 6, -5/56 HPs)
             Began as a Naga Monk on June 20, 2023.
             Was a Priest of Cheibriados.
             Slain by a sleepcap (20 damage)
             ... on level 4 of the Dungeon.
             The game lasted 00:02:35 (2586 turns).

ragingrage the Chopper (Naga Monk)                  Turns: 2586, Time: 00:02:36

Health: -5/56      AC:  3    Str: 21    XL:     6   Next: 27%
Magic:  6/6        EV:  1    Int: 16    God:    Cheibriados [***...]
Gold:   154        SH:  0    Dex: 20    Spells: 5/5 levels left

rFire   . . .        b - +0 war axe
rCold   . . .        d - orb {light}
rNeg    . . .        l - +0 robe
rPois   +            (no helmet)
rElec   .            (no cloak)
rCorr   .            (no gloves)
SInv    +            (no barding)
Will    .....        (no amulet)
Stlth   +            (no ring)
HPRegen 0.29/turn    (no ring)
MPRegen 0.10/turn

%: no passive effects
@: mighty, sleeping, hasted, glowing, very slow
A: AC +2, large, see invisible, deformed body, poison resistance, slowness 2,
spit poison 1, naga tail 1
a: Spit Poison, Renounce Religion, Bend Time, Temporal Distortion


You were on level 4 of the Dungeon.
You worshipped Cheibriados.
Cheibriados was most pleased with you.
You visited 1 branch of the dungeon, and saw 4 of its levels.

You collected 154 gold pieces.

Inventory:

Hand Weapons
 a - a +0 mace
 b - a +0 war axe (weapon)
Armour
 d - an orb of light (worn)
 l - a +0 robe (worn)
 o - a +0 pair of gloves
 p - a +0 kite shield
Wands
 f - a wand of flame (8)
Scrolls
 e - 2 scrolls of identify
 m - 2 scrolls of vulnerability
 n - a scroll of fog {unknown}
Potions
 c - a potion of ambrosia
 h - a potion of haste
 i - a potion of enlightenment {unknown}
 j - a potion of brilliance {unknown}
 k - 2 potions of might
 q - a potion of cancellation {unknown}


   Skills:
 - Level 3.5 Fighting
 + Level 5.0(5.5) Axes
 - Level 3.4(4.7) Maces & Flails
 - Level 2.8 Dodging


You had 5 spell levels left.
You didn't know any spells.
Your spell library contained the following spells:

 Spells                   Type           Power      Damage    Failure   Level
 Slow                     Hex            0%         N/A       26%         1
 Confusing Touch          Hex            0%         N/A       58%         3
 Vampiric Draining        Necr           0%         2d6       58%         3
 Vhi's Electric Charge    Tloc/Air       0%         N/A       58%         3
 Arcjolt                  Conj/Air       0%         1d10      100%        5
 Plasma Beam              Fire/Air       0%         2x1d10    100%        6
 Simulacrum               Ice/Necr       0%         N/A       100%        6
 Ozocubu's Refrigeration  Ice            0%         4d7       100%        7
 Polar Vortex             Ice            0%         N/A       100%        9


Dungeon Overview and Level Annotations

Branches:
Dungeon (4/15)
 Temple: D:4-7

Altars:
Cheibriados
Hepliaklqana
Trog
Xom
Zin

Shops:
D:1 [


Innate Abilities, Weirdness & Mutations

Your serpentine skin is tough. (AC +2)
You have supernaturally acute eyesight. (SInv)
Armour fits poorly on your strangely shaped body.
Your system is resistant to poisons. (rPois)
You cover ground very slowly.
You can spit poison.
You have a snake-like lower body.


Message History

Aim: a sleepcap (100% to hit)
The puff of flame hits the sleepcap but does no damage.
Aiming: Throw Flame
Press: ? - help, Shift-Dir - straight line, f/p - sleepcap
Aim: a sleepcap (100% to hit)
The puff of flame hits the sleepcap.
Aiming: Throw Flame
Press: ? - help, Shift-Dir - straight line, f/p - sleepcap
Aim: a sleepcap (lightly damaged, haloed, 100% to hit)
The puff of flame hits the sleepcap but does no damage.
Aiming: Throw Flame
Press: ? - help, Shift-Dir - straight line, f/p - sleepcap
Aim: a sleepcap (lightly damaged, haloed, 100% to hit)
The puff of flame hits the sleepcap.
You slash the sleepcap! The sleepcap releases spores at you.
* * * LOW HITPOINT WARNING * * *
You are engulfed in a cloud of soporific spores!
You fall asleep.
The sleepcap releases spores at you!
You wake up.
* * * LOW HITPOINT WARNING * * *
You are engulfed in a cloud of soporific spores!
You are unaffected.
Unknown command.
Unknown command.
It was a potion of haste.
You feel yourself speed up.
Cheibriados forgives your accidental hurry, just this once.
The sleepcap barely misses you.
Okay, then.
The sleepcap attacks as you move away! The sleepcap barely misses you.
The sleepcap releases spores at you.
* * * LOW HITPOINT WARNING * * *
It was a potion of might.
You feel very mighty all of a sudden.
It was a potion of heal wounds.
You feel much better. The sleepcap releases spores at you!
* * * LOW HITPOINT WARNING * * *
You are engulfed in a cloud of soporific spores!
You fall asleep.
The sleepcap releases spores at you!!
You die...

############ #.....)....#
#...(......#
#.((....f@.###############
.(........................
(..........#####...#######
...........# #...#
...........# #...#
.$.?.......# #...#
########### #...# #...#
#...#


You could see a sleepcap.

Vanquished Creatures
  An ogre (D:4)
  A phantom (D:4)
  A hound (D:4)
  4 adders
  2 worms
  An orc (D:4)
  7 endoplasms
  2 giant cockroaches (D:1)
  5 goblins
  9 hobgoblins
  4 kobolds
  4 quokkas
  3 ball pythons
  3 bats (D:1)
  4 rats
51 creatures vanquished.

Notes
Turn   | Place    | Note
-------+----------+-------------------------------------------
     0 | D:1      | ragingrage the Naga Monk began the quest for the Orb.
     0 | D:1      | Reached XP level 1. HP: 21/21 MP: 1/1
    72 | D:1      | Reached XP level 2. HP: 22/28 MP: 2/2
   155 | D:1      | Found Yddustab's Antique Armour Emporium.
   806 | D:1      | Reached XP level 3. HP: 28/34 MP: 3/3
  1317 | D:2      | You fall into a shaft and drop 1 floor!
  1407 | D:3      | Found a bloodstained altar of Trog.
  1421 | D:3      | Reached skill level 1 in Axes
  1527 | D:3      | Reached XP level 4. HP: 33/42 MP: 4/4
  1590 | D:3      | Found a glowing silver altar of Zin.
  1776 | D:3      | Found a faded altar of an unknown god.
  1814 | D:3      | Found a shimmering altar of Xom.
  1930 | D:3      | Reached skill level 2 in Axes
  1967 | D:3      | Prayed at the altar of an unknown god.
  1967 | D:3      | Became a worshipper of Cheibriados the Contemplative
  1967 | D:3      | Reached * piety under Cheibriados
  1967 | D:3      | Reached ** piety under Cheibriados
  2150 | D:3      | Found a hazy altar of Hepliaklqana.
  2347 | D:4      | Noticed an ogre
  2496 | D:4      | Noticed a phantom
  2509 | D:4      | Reached skill level 3 in Axes
  2509 | D:4      | Reached XP level 5. HP: 23/49 MP: 5/5
  2509 | D:4      | Killed a phantom
  2510 | D:4      | Reached skill level 4 in Axes
  2564 | D:4      | Noticed an ogre
  2574 | D:4      | Killed an ogre
  2574 | D:4      | Reached *** piety under Cheibriados
  2575 | D:4      | Reached skill level 5 in Axes
  2575 | D:4      | Reached XP level 6. HP: 14/56 MP: 6/6
  2581 | D:4      | HP: 1/56 [sleepcap (9)]
  2586 | D:4      | Slain by a sleepcap

Illustrated notes

Levels and vault maps discovered:
D:1:      dpeg_arrival_round_c, layout_loops_ring, serial_shops,
          nicolae_shop_tiny_statue_garden
D:2:      layout_basic
D:3:      layout_loops_ring, lemuel_crystal_altar,
          nicolae_hepliaklqana_hippocampus, marbit_many_paths,
          mainiacjoe_overflow_concentric_impassable, basic_ecumenical_altar
D:4:      layout_basic

Skill      XL: |  1  2  3  4  5 |
---------------+----------------+-----
Axes           | 1 3 5 |  5.0
Fighting       | |  3.5
Maces & Flails | |  3.4
Dodging        | |  2.8

Action                     |  1- 3 |  4- 6 || total
---------------------------+-------+-------++-------
  Melee: Mace              |    65 |       ||    65
         War axe           |    28 |    47 ||    75
  Throw: Dart              |       |     5 ||     5
Ability: Spit Poison       |    10 |     5 ||    15
  Evoke: Wand              |       |     4 ||     4
    Use: Scroll            |       |     2 ||     2
         Potion            |       |     3 ||     3
 Armour: Robe              |    10 |     6 ||    16
  Dodge: Dodged            |    75 |    35 ||   110

Table legend: (Time is in decaauts)
 A = Elapsed time spent in this place.
 B = Non-inter-level travel time spent in this place.
 C = Inter-level travel time spent in this place.
 D = Time resting spent in this place.
 E = Time spent auto-exploring this place.
 F = Levels seen in this place.
 G = Mean time per level.
                   A        B        C        D        E       F      G
               +--------+--------+--------+--------+--------+-----+--------+
         Total |   3619 |   3347 |    272 |    186 |   2668 |   4 |  904.8 |
       Dungeon |   3619 |   3347 |    272 |    186 |   2668 |   4 |  904.8 |
               +--------+--------+--------+--------+--------+-----+--------+

Top non-repeatable levels by time:
     D:3: 1420 daAuts
     D:1: 1222 daAuts
     D:2: 495 daAuts
     D:4: 480 daAuts
